 Dungeon Crawl Stone Soup version 0.29.0-4-gdea44cf6ec (webtiles) character file.

Game seed: 8212163637709035441

79 qw the Ruffian (level 4, 0/35 HPs)
             Began as a Ghoul Fire Elementalist on Aug 30, 2022.
             Slain by a kobold brigand
             ... wielding a +0 dagger
              (4 damage)
             ... on level 6 of the Dungeon.
             The game lasted 00:02:56 (3523 turns).

qw the Ruffian (Ghoul Fire Elementalist)            Turns: 3523, Time: 00:02:56

Health: 0/35       AC:  6    Str: 12 (13) XL:     4   Next: 38%
Magic:  5/5        EV: 10    Int:  8 (10) God:
Gold:   102        SH:  0    Dex:  6 (9)  Spells: 5/6 levels left

rFire   . . .      SeeInvis .     - Unarmed
rCold   + . .      Faith    .   (no shield)
rNeg    + + +      Spirit   .   n - +0 ring mail
rPois   inf        Reflect  .   (no helmet)
rElec   .          Harm     .   (no cloak)
rCorr   .          Rampage  .   g - +0 pair of gloves
Will    .....                   (no boots)
Stlth   +.........              (no amulet)
HPRegen 0.00/turn               (no ring)
MPRegen 0.09/turn               (no ring)

@: inhibited regen
A: claws 1, cold resistance 1, negative energy resistance 3, inhibited
regeneration, torment resistance 2, devour on kill
a: no special abilities


You were on level 6 of the Dungeon.
You visited 1 branch of the dungeon, and saw 4 of its levels.

You collected 102 gold pieces.


Innate Abilities, Weirdness & Mutations

You are immune to poison.
You have sharp fingernails.
Your flesh is cold resistant. (rC+)
You are immune to negative energy. (rN+++)
You do not regenerate when monsters are visible.
You are immune to unholy pain and torment.
You thrive by killing the living.


   Skills:
 + Level 1.2 Fighting
 - Level 1.7 Dodging
 - Level 2.1 Stealth
 - Level 4.0 Unarmed Combat
 - Level 1.7 Spellcasting
 - Level 0.7 Conjurations
 - Level 2.4 Fire Magic


You had 5 spell levels left.
You knew the following spells:

 Your Spells              Type           Power      Damage    Failure   Level
a - Foxfire               Conj/Fire      12%        2x1d4     41%         1

Your spell library contained the following spells:

 Spells                   Type           Power      Damage    Failure   Level
 Scorch                   Fire           8%         2d5       43%         2
 Conjure Flame            Conj/Fire      3%         6-21      78%         3
 Inner Flame              Hex/Fire       2%         N/A       83%         3
 Flame Wave               Conj/Fire      3%         2d5       99%         4

Inventory:

Armour
 a - a +0 helmet
 b - a +2 ring mail of fire resistance
 c - a +0 chain mail
 g - a +0 pair of gloves (worn)
 n - a +0 ring mail (worn)
Scrolls
 f - a scroll of amnesia {unknown}
 k - a scroll of magic mapping {unknown}
 l - a scroll of enchant weapon
 o - a scroll of identify
Potions
 d - a potion of attraction {unknown}
 e - a potion of heal wounds {unknown}
 h - a potion of might
 i - a potion of flight {unknown}
 m - a potion of resistance {unknown}
 p - a potion of lignification {unknown}

Dungeon Overview and Level Annotations

Branches:
Dungeon (6/15)
 Temple: D:4-7

Altars:
Qazlal


Message History

The iguana is heavily wounded.
The iguana bites you.
3490 ||| READING scroll of teleportation.
As you read the scroll of teleportation, it crumbles to dust.
You feel strangely unstable.
The iguana hisses menacingly.
The iguana bites you but does no damage.
You hit the iguana but do no damage.
The iguana is heavily wounded.
The iguana bites you but does no damage.
You hit the iguana but do no damage.
The iguana is heavily wounded.
The iguana bites you.
You closely miss the iguana.
The iguana is heavily wounded.
Your surroundings suddenly seem different.
Found 5 stones.
You start resting.
A kobold brigand is nearby!
The kobold brigand shouts!
The kobold brigand throws a curare-tipped dart.
The curare-tipped dart hits you.
The kobold brigand throws a curare-tipped dart.
The curare-tipped dart barely misses you.
You hit the kobold brigand but do no damage.
An ice beast comes into view.
The kobold brigand closely misses you.
You hit the kobold brigand.
The kobold brigand is lightly wounded.
The kobold brigand misses you.
You hit the kobold brigand.
The kobold brigand is moderately wounded.
The kobold brigand closely misses you.
You hit the kobold brigand.
The kobold brigand is moderately wounded.
The kobold brigand hits you but does no damage.
You hit the kobold brigand.
The kobold brigand is heavily wounded.
The kobold brigand hits you with a +0 dagger.
You die...

###
..#
...
#.#
#.#
#.#
#@#
#K#
#Y#
.(.
#.#
#.#
...
#..


You could see an ice beast and a kobold brigand.

Vanquished Creatures
  An adder (D:3)
  A dart slug (D:1)
  4 bats
  5 endoplasms
  2 giant cockroaches
  10 goblins
  6 hobgoblins (D:3)
  11 kobolds
  7 quokkas
  7 ball pythons
  A frilled lizard (D:1)
  4 rats
59 creatures vanquished.

Notes
Turn   | Place    | Note
-------+----------+-------------------------------------------
     0 | D:1      | qw the Ghoul Fire Elementalist began the quest for the Orb.
     0 | D:1      | Reached XP level 1. HP: 14/14 MP: 2/2
     0 | D:1      | 0 ||| qw: Version: 0.1-a-90-g952f4b7
     0 | D:1      | 0 ||| qw: Game counter: 4288
     0 | D:1      | 0 ||| qw: Always use a shield: true
     0 | D:1      | 0 ||| qw: God list: Okawaru
     0 | D:1      | 0 ||| qw: Allow faded altars: false
     0 | D:1      | 0 ||| qw: Do Orc after D:15 true
     0 | D:1      | 0 ||| qw: Do second Lair branch before Depths: true
     0 | D:1      | 0 ||| qw: Lair rune preference: random
     0 | D:1      | 0 ||| qw: Plans: Normal
     0 | D:1      | 0 ||| PLANNING D:1-11
    46 | D:1      | 46 ||| Stepping ~*~*~tactically~*~*~ (stealth).
    47 | D:1      | 47 ||| Stepping ~*~*~tactically~*~*~ (stealth).
    49 | D:1      | 49 ||| Stepping ~*~*~tactically~*~*~ (stealth).
    55 | D:1      | 55 ||| Stepping ~*~*~tactically~*~*~ (hiding).
    56 | D:1      | 56 ||| Stepping ~*~*~tactically~*~*~ (hiding).
    67 | D:1      | Reached skill level 1 in Unarmed Combat
   316 | D:1      | Reached skill level 1 in Fighting
   316 | D:1      | Reached XP level 2. HP: 23/23 MP: 3/3
  1174 | D:1      | Reached skill level 2 in Unarmed Combat
  1612 | D:1      | Reached XP level 3. HP: 28/28 MP: 4/4
  1723 | D:1      | 1723 ||| UPGRADING to +0 pair of gloves.
  1728 | D:1      | 1728 ||| READING scroll labelled OXIEGO JEIRR.
  1729 | D:1      | 1729 ||| READING scroll labelled UCSAIME RIROO.
  1730 | D:1      | 1730 ||| DROPPING potion of magic.
  1753 | D:2      | 1753 ||| STAIRDANCE
  1764 | D:2      | 1764 ||| STAIRDANCE
  1811 | D:2      | Found a stormy altar of Qazlal.
  2340 | D:2      | 2340 ||| Stepping ~*~*~tactically~*~*~ (stealth).
  2343 | D:2      | 2343 ||| Stepping ~*~*~tactically~*~*~ (stealth).
  2362 | D:2      | Reached skill level 3 in Unarmed Combat
  3056 | D:2      | 3056 ||| UPGRADING to +0 leather armour.
  3066 | D:2      | 3066 ||| DROPPING +0 robe.
  3067 | D:2      | 3067 ||| UPGRADING to +0 ring mail.
  3077 | D:2      | 3077 ||| DROPPING +0 leather armour.
  3078 | D:2      | 3078 ||| READING scroll labelled WUDGHI ULEIMYO.
  3079 | D:2      | 3079 ||| READING 2 scrolls labelled ISHROF TATZE.
  3084 | D:2      | 3084 ||| READING scroll labelled CAZUOHA JASOMM.
  3085 | D:2      | 3085 ||| READING scroll labelled UFEUTU BISHREC.
  3086 | D:2      | 3086 ||| READING scroll labelled DUMNUH BUPASY.
  3087 | D:2      | 3087 ||| DRINKING 2 metallic grey potions.
  3088 | D:2      | 3088 ||| DRINKING 2 smoky ruby potions.
  3089 | D:2      | 3089 ||| DROPPING potion of degeneration.
  3116 | D:3      | Reached XP level 4. HP: 35/35 MP: 5/5
  3256 | D:3      | 3256 ||| Stepping ~*~*~tactically~*~*~ (stealth).
  3448 | D:3      | You fall into a shaft and drop 3 floors!
  3457 | D:6      | 3457 ||| Stepping ~*~*~tactically~*~*~ (stealth).
  3458 | D:6      | Noticed a kobold brigand
  3459 | D:6      | 3459 ||| Stepping ~*~*~tactically~*~*~ (stealth).
  3484 | D:6      | Reached skill level 4 in Unarmed Combat
  3489 | D:6      | HP: 8/35 [iguana (2)]
  3490 | D:6      | 3490 ||| READING scroll of teleportation.
  3492 | D:6      | HP: 2/35 [iguana (6)]
  3519 | D:6      | Noticed an ice beast
  3523 | D:6      | Slain by a kobold brigand

Levels and vault maps discovered:
D:1:      dpeg_arrival_central, layout_loops_corners
D:2:      layout_loops_ring, basic_altar
D:3:      layout_rooms, tso_metal_star
D:6:      layout_loops_ring, pdpol_wu_jian_five_deadly_venoms,
          mainiacjoe_overflow_brackets, minmay_ogre_servants

Skill      XL: |  1  2  3  4 |
---------------+-------------+-----
Unarmed Combat | 1 2 3 4 |  4.0
Fighting       | 1 |  1.2
Dodging        | |  1.7
Stealth        | |  2.1
Spellcasting   | |  1.7
Conjurations   | |  0.7
Fire Magic     | |  2.4

Action                   |  1- 3 |  4- 6 || total
-------------------------+-------+-------++-------
Melee: Unarmed           |   213 |    62 ||   275
       Punch             |       |     2 ||     2
  Use: Scroll            |     7 |     1 ||     8
       Potion            |     2 |       ||     2
 Stab: Sleeping          |     2 |       ||     2
Armor: Robe              |    43 |       ||    43
       Ring mail         |       |    15 ||    15
Dodge: Dodged            |   120 |    20 ||   140

Table legend:
 A = Non-vault XP
 B = Vault XP
 C = Vault XP percentage of total XP
 D = Non-vault monster count
 E = Vault monster count
 F = Vault count percentage of total count
                 A         B        C        D         E       F
            +---------+---------+-------+---------+---------+-------
      Total |     114 |       0 |   0.0 |      59 |       0 |   0.0
            +---------+---------+-------+---------+---------+-------
        D:1 |      39 |       0 |   0.0 |      22 |       0 |   0.0
        D:2 |      32 |       0 |   0.0 |      20 |       0 |   0.0
        D:3 |      34 |       0 |   0.0 |      12 |       0 |   0.0
        D:6 |       9 |       0 |   0.0 |       5 |       0 |   0.0
            +---------+---------+-------+---------+---------+-------
